Map: Terraform LE (Void)

Players

Quonzar

  • Race: Zerg Zerg
  • League: Diamond

Beastyqt - Winner!

  • Race: Terran Terran
  • League: Master

Event: Lycan League Weekly August #2

VOD

Have the link to the VOD?

Description

Time

  • Played on: Aug. 10, 2015, 12:49 p.m.
  • Length: 10:49

All games in this series

Show
View Real Time Build Order
Export as new Build Order

Quonzar Zerg 

Build Orders: Hatch First 

Get SALT Encoding   

  12  0:01  Drone  
  13  0:10  Drone  
  14  0:17  Overlord  
  14  0:24  Drone, Extractor  
  15  0:37  Drone x2  
  17  0:48  Drone  
  18  0:57  Hatchery  
  17  1:00  Drone  
  17  1:02  Extractor  
  17  1:06  Drone  
  18  1:17  Spawning Pool  
  17  1:20  Drone  
  18  1:30  Drone  
  19  1:40  Drone  
  20  1:49  Overlord  
  20  2:04  Metabolic Boost, Queen  
  20  2:08  Queen  
  22  2:09  Zergling x4  
  22  2:12  Zergling x2  
  27  2:19  Drone  
  28  2:25  Drone  
  29  2:33  Drone  
  29  2:38  Drone  
  29  2:42  Drone  
  31  2:46  Drone, Queen  
  31  2:49  Queen  
  31  2:50  Spore Crawler  
  35  2:52  Overlord  
  35  2:55  Overlord  
  36  3:12  Drone x2  
  37  3:22  Drone x3  
  37  3:23  Drone  
  41  3:30  Drone x5  
  41  3:31  Drone  
  47  3:38  Hatchery  
  45  3:42  Drone x2  
  46  3:52  Extractor  
  45  3:56  Overlord x2  
  45  3:58  Queen x2  
  49  4:07  Drone  
  49  4:09  Evolution Chamber, Roach Warren  
  48  4:12  Drone  
  48  4:13  Drone x2  
  51  4:22  Overlord  
  49  4:35  Zergling x20  
  59  4:47  Overlord  
  59  4:48  Lair  
  59  4:49  Zerg Missile Weapons Level 1  
  59  4:50  Drone  
  59  4:51  Drone  
  61  4:59  Drone x4  
  65  5:03  Extractor  
  64  5:08  Overlord  
  64  5:09  Roach x2  
  64  5:13  Roach x2  
  72  5:23  Roach  
  72  5:24  Roach x3  
  72  5:27  Queen  
  82  5:35  Overlord x2  
  82  5:37  Drone  
  82  5:40  Ravager  
  84  5:50  Drone x2  
  84  5:51  Drone x4  
  84  5:52  Glial Reconstitution  
  80  6:12  Drone x4  
  80  6:15  Drone x2  
  80  6:16  Drone x8, Extractor  
  80  6:17  Drone x2  
  95  6:26  Queen  
  95  6:30  Drone x2  
  95  6:31  Drone x2  
  95  6:32  Drone, Hydralisk Den  
  101  6:34  Extractor  
  101  6:36  Roach  
  102  6:43  Overlord x2  
  102  6:46  Zerg Missile Weapons Level 2  
  102  6:50  Drone  
  102  6:51  Overlord  
  102  6:53  Extractor  
  103  6:54  Ravager x2  
  101  7:01  Roach x2  
  101  7:02  Roach x6  
  113  7:10  Overlord  
  113  7:13  Roach x4  
  121  7:19  Muscular Augments  
  121  7:23  Overlord, Hydralisk x2  
  121  7:28  Hydralisk x2  
  129  7:33  Hydralisk  
  129  7:35  Overlord x2  
  131  7:38  Hydralisk x2  
  131  7:40  Zergling x6  
  138  7:50  Hydralisk x4  
  144  7:55  Roach  
  144  7:56  Roach x3  
  152  8:02  Roach x2  
  152  8:03  Roach x2  
  160  8:07  Overlord x3  
  160  8:09  Overlord  
  160  8:12  Overlord  
  156  8:36  Roach  
  156  8:37  Roach x7  
  160  8:51  Overlord x3  
  157  9:11  Zergling x20  
  167  9:19  Overlord  
  167  9:25  Ravager  
  167  9:26  Ravager x12  
  179  9:37  Roach x5  
  132  10:03  Hydralisk  
  132  10:04  Hydralisk x3  
  125  10:11  Hydralisk x2  
Show
View Real Time Build Order
Export as new Build Order

Beastyqt Terran - Winner!

Build Orders: Reaper Expand, MMM Bio 

Get SALT Encoding   

  12  0:01  SCV  
  13  0:13  SCV  
  14  0:17  Supply Depot  
  14  0:25  SCV  
  15  0:39  SCV  
  15  0:40  Barracks  
  16  0:45  Refinery  
  16  0:51  SCV  
  17  1:03  SCV  
  18  1:15  SCV  
  19  1:28  Orbital Command  
  19  1:29  Reaper  
  20  1:43  Command Center  
  20  1:53  SCV  
  21  2:01  Supply Depot  
  21  2:02  Marine  
  21  2:05  SCV  
  23  2:11  Factory  
  23  2:22  SCV  
  24  2:28  Barracks Reactor  
  24  2:34  SCV  
  25  2:38  Barracks  
  25  2:39  Barracks  
  25  2:46  SCV  
  25  2:48  Refinery  
  26  2:55  Orbital Command  
  26  2:59  SCV  
  27  3:11  SCV  
  28  3:15  Barracks Tech Lab  
  28  3:16  Hellion x2  
  32  3:22  SCV  
  32  3:23  SCV  
  34  3:27  Barracks Reactor  
  34  3:28  Barracks Reactor  
  34  3:29  Supply Depot  
  34  3:34  SCV  
  34  3:35  Marine  
  34  3:36  Stimpack  
  34  3:39  SCV  
  37  3:42  Hellion  
  37  3:47  SCV  
  39  3:51  Supply Depot, SCV  
  39  3:53  Marine  
  39  3:55  Hellion  
  43  3:59  SCV  
  43  4:02  Starport  
  44  4:03  SCV  
  44  4:04  Hellion  
  44  4:05  Marine x2  
  44  4:08  Marine  
  44  4:09  Marine  
  51  4:11  SCV  
  51  4:14  Supply Depot  
  51  4:16  SCV  
  53  4:19  Marine  
  53  4:23  SCV, Marine  
  56  4:28  SCV  
  56  4:29  Marine  
  56  4:30  Marine x2  
  60  4:35  SCV  
  60  4:36  Marine  
  60  4:37  Supply Depot  
  62  4:40  SCV  
  62  4:41  Supply Depot  
  62  4:42  Marine  
  64  4:46  Medivac x2  
  64  4:47  Marine  
  64  4:51  SCV  
  70  4:58  SCV, Marine x2  
  73  5:00  Supply Depot, Engineering Bay  
  73  5:01  Marine x2  
  73  5:04  SCV  
  73  5:05  Supply Depot  
  73  5:06  Marine  
  77  5:10  Factory Reactor  
  77  5:11  SCV  
  78  5:16  Marine x2  
  78  5:19  Marine x2  
  83  5:27  Command Center, Terran Infantry Weapons Level 1  
  82  5:30  Marine  
  82  5:34  SCV  
  84  5:36  Marine x2  
  84  5:37  Combat Shields  
  84  5:39  SCV, Refinery  
  84  5:41  Refinery  
  87  5:44  Supply Depot, Marauder  
  87  5:47  Medivac  
  91  5:53  SCV  
  91  5:56  Marine x2  
  94  5:57  Supply Depot  
  94  5:58  SCV  
  94  6:03  Marine  
  85  6:05  SCV, Marine x2  
  85  6:10  SCV  
  83  6:13  Marine  
  83  6:14  Marine  
  83  6:18  Barracks  
  85  6:19  Factory Tech Lab, Barracks  
  85  6:21  Marine, Medivac x2  
  85  6:23  Marine  
  85  6:24  Marine  
  91  6:31  Marine  
  91  6:32  SCV, Supply Depot  
  93  6:36  Missile Turret  
  93  6:40  Orbital Command  
  93  6:45  Marine x2  
  93  6:49  Siege Tank, Marauder  
  93  6:52  SCV x2  
  100  6:54  Medivac  
  100  6:56  Marine x2  
  102  7:03  Marine  
  102  7:04  SCV  
  100  7:08  SCV  
  100  7:12  Orbital Command  
  99  7:20  SCV  
  99  7:21  Terran Infantry Armor Level 1  
  100  7:24  Siege Tank, Missile Turret  
  100  7:25  Marauder  
  100  7:26  Barracks Tech Lab  
  100  7:28  SCV  
  100  7:29  Armory, Marine x6  
  112  7:31  Engineering Bay  
  112  7:39  SCV x2  
  112  7:40  SCV  
  112  7:42  Concussive Shells  
  115  7:46  Marine x2  
  115  7:49  Marine x2  
  115  7:50  Marine x2  
  116  7:51  SCV  
  116  7:52  Marine x2  
  116  7:56  Siege Tank  
  123  7:58  SCV, Supply Depot  
  123  7:59  Supply Depot  
  123  8:00  SCV  
  123  8:03  SCV, Medivac x2  
  123  8:04  Marine x2  
  131  8:07  Marine  
  131  8:10  SCV, Marine x2  
  131  8:11  Supply Depot  
  135  8:14  Marine  
  135  8:15  Marine  
  135  8:17  Terran Infantry Weapons Level 2, Terran Vehicle Weapons Level 1  
  135  8:19  Marine  
  138  8:22  Marine x2  
  138  8:25  Marine  
  141  8:28  Marine x2  
  141  8:30  Siege Tank  
  141  8:32  SCV, Refinery x2  
  132  8:34  Marine  
  132  8:35  Marine  
  132  8:37  Marine  
  132  8:40  Marine x2, Medivac  
  137  8:43  Marine  
  137  8:46  Marine x2  
  137  8:47  Command Center  
  138  8:52  Marine  
  138  8:53  Supply Depot, Marine  
  138  8:54  Marine  
  141  8:57  Marine  
  141  9:01  Marine x2  
  141  9:02  Siege Tank  
  147  9:04  Marine  
  147  9:07  Marine  
  147  9:10  Marine x2  
  147  9:14  Marine  
  147  9:15  Marine  
  151  9:17  Barracks  
  151  9:18  Factory  
  151  9:19  Marine x2  
  151  9:21  Medivac  
  151  9:22  Marine  
  155  9:31  Marine x2  
  155  9:34  Siege Tank, Marine x3  
  163  9:40  Marine x2  
  163  9:42  Marine  
  161  9:49  Marine x2  
  161  9:52  Marine x3  
  151  9:58  Marine x2  
  133  10:00  Marine, Medivac x2  
  133  10:05  Orbital Command  
  133  10:06  Siege Tank  
  125  10:07  Marine x2  
  125  10:09  Marine  
  125  10:13  Marauder  
  125  10:14  Marine  
  123  10:15  Marine  
  123  10:19  Marine  
  120  10:26  Marine x2  

Tags
 
Add a new tag
Caveats
  • Supply blocks, unpowered buildings, or Contaminate may cause inaccurate times.
  • Supply counts are checked every 10 seconds.